[Event "ICC tourney 2840 (30 10)"]
[Site "Internet Chess Club"]
[Date "2022.02.27"]
[Round "4"]
[White "Belous, Vladimir:Openyagami"]
[Black "ALEKSANDROV, ALEKSEJ:Aleksandrov73"]
[Result "0-1"]
[ICCResult "White resigns"]
[WhiteElo "2557"]
[BlackElo "2549"]
[Opening "English opening: Agincourt variation"]
[ECO "A13"]
[NIC "RE.12"]
[Time "19:01:12"]
[PlyCount "92"]
[TimeControl "1800+10"]

1. c4 e6 2. Nf3 d5 3. g3 dxc4 4. Bg2 Nd7 5. Na3 Bxa3 6. bxa3 Nb6 7. O-O Ne7
8. Bb2 O-O 9. Qc2 f6 10. Rad1 Bd7 11. Qe4 Qc8 12. d3 Bc6 13. Qe3 Nf5 14. Qc1
cxd3 15. Rxd3 Rd8 16. Rc3 Qd7 17. e4 Ne7 18. Bh3 Na4 19. Re3 Nxb2 20. Qxb2
Ng6 21. Qb3 Nf8 22. Rc1 Qf7 23. e5 Bd5 24. Qc3 f5 25. Qxc7 Qxc7 26. Rxc7
Rac8 27. Rxc8 Rxc8 28. Bf1 Nd7 29. Nd4 Rc1 30. Nb3 Rc2 31. f4 Rxa2 32. Nd4
a6 33. Rc3 Nb6 34. h3 h5 35. Rc7 Rxa3 36. Kf2 Ra2+ 37. Ke1 Ra4 38. Nc2 h4
39. Kf2 Be4 40. Be2 Nd5 41. Rc8+ Kh7 42. gxh4 Nxf4 43. Bd1 Nd3+ 44. Ke3 f4+
45. Kd2 Nxe5 46. Kc3 Bf3 {White resigns} 0-1

[Event "ICC tourney 2840 (30 10)"]
[Site "Internet Chess Club"]
[Date "2022.02.27"]
[Round "4"]
[White "VAKHIDOV, JAKHONGIR:TjkTiger"]
[Black "YAN, RUIYANG:jy2020"]
[Result "1-0"]
[ICCResult "Black resigns"]
[WhiteElo "2602"]
[BlackElo "2172"]
[Opening "English: Mikenas-Carls variation"]
[ECO "A18"]
[NIC "EO.57"]
[Time "19:01:12"]
[PlyCount "99"]
[TimeControl "1800+10"]

1. c4 Nf6 2. Nc3 e6 3. e4 d5 4. cxd5 exd5 5. e5 Ne4 6. Nf3 Bf5 7. d3 Nxc3 8.
bxc3 c5 9. d4 Nc6 10. Bd3 Bxd3 11. Qxd3 cxd4 12. cxd4 Bb4+ 13. Kf1 O-O 14.
Ng5 g6 15. h4 Be7 16. e6 Bxg5 17. Bxg5 Qd6 18. Bh6 Rfe8 19. exf7+ Kxf7 20.
Rb1 b6 21. Be3 Ne7 22. Bg5 Nf5 23. g4 Ng7 24. Qf3+ Kg8 25. Bf4 Rf8 26. Bxd6
Rxf3 27. Kg2 Rf6 28. Be5 Rc6 29. Rhc1 Rac8 30. Rxc6 Rxc6 31. Rb5 Ne8 32.
Rxd5 Nf6 33. Bxf6 Rxf6 34. Rd8+ Kg7 35. Rd7+ Kg8 36. g5 Rf5 37. Rxa7 Rf4 38.
d5 Rxh4 39. Kf3 Rd4 40. Rd7 Rd2 41. a3 Rd3+ 42. Ke4 Rxa3 43. Rb7 Ra2 44. d6
Rd2 45. Ke5 Re2+ 46. Kd5 Rd2+ 47. Kc6 Kf8 48. Rb8+ Kf7 49. d7 Rc2+ 50. Kb7
{Black resigns}
1-0

[Event "ICC tourney 2840 (30 10)"]
[Site "Internet Chess Club"]
[Date "2022.02.27"]
[Round "4"]
[White "LIU, ERIC CHANG:el008"]
[Black "Tanenbaum, Zachary:MasterZachary"]
[Result "0-1"]
[ICCResult "White resigns"]
[WhiteElo "2029"]
[BlackElo "2237"]
[Opening "Two knights defense (Modern bishop's opening)"]
[ECO "C55"]
[NIC "IG.01"]
[Time "19:00:17"]
[PlyCount "70"]
[TimeControl "1800+10"]

1. e4 e5 2. Nf3 Nc6 3. Bc4 Nf6 4. d3 Be7 5. O-O O-O 6. Nc3 d6 7. a4 Be6 8.
h3 Qd7 9. Re1 Nd4 10. Nd5 Bxd5 11. exd5 Nxf3+ 12. Qxf3 a6 13. Bd2 h6 14. b4
Nh7 15. Bc3 Bf6 16. a5 g6 17. Rab1 Bg7 18. b5 f5 19. bxa6 bxa6 20. Qe2 f4
21. Qg4 Rf5 22. f3 Nf6 23. Qh4 Rg5 24. Kh1 Rg3 25. Kh2 g5 26. Qxg3 fxg3+ 27.
Kxg3 Qf5 28. Rb7 Qf4+ 29. Kf2 g4 30. Rg1 e4 31. Bxf6 Bxf6 32. hxg4 Bd4+ 33.
Kf1 Qc1+ 34. Ke2 Qe3+ 35. Kd1 Qxg1+ {White resigns} 0-1

[Event "ICC tourney 2840 (30 10)"]
[Site "Internet Chess Club"]
[Date "2022.02.27"]
[Round "4"]
[White "Gaw, Chloe:HarleyQueen8"]
[Black "TANG, ZOEY:WonderZ"]
[Result "1-0"]
[ICCResult "Black resigns"]
[WhiteElo "1766"]
[BlackElo "2086"]
[Opening "King's Indian: Petrosian system, Stein variation"]
[ECO "E92"]
[NIC "KI.17"]
[Time "19:00:29"]
[PlyCount "75"]
[TimeControl "1800+10"]

1. d4 Nf6 2. c4 g6 3. Nc3 Bg7 4. e4 d6 5. Be2 O-O 6. Nf3 e5 7. d5 a5 8. h3
Nh5 9. g3 f5 10. exf5 gxf5 11. Nxe5 Nxg3 12. fxg3 dxe5 13. Be3 f4 14. Bc5
fxg3 15. Bxf8 Qxf8 16. Bf3 Qf4 17. Qe2 Bh6 18. Bg4 Na6 19. Bxc8 Rxc8 20.
Qg4+ Qxg4 21. hxg4 Be3 22. Ke2 g2 23. Kxe3 gxh1=Q 24. Rxh1 Kg7 25. Rh5 Re8
26. a3 Kg6 27. Na4 e4 28. Rf5 h6 29. c5 b5 30. cxb6 cxb6 31. Nxb6 Rb8 32.
Nc4 Nc5 33. d6 Rb3+ 34. Kd4 Na4 35. d7 Nxb2 36. Nxb2 Rxb2 37. Kxe4 Rb8 38.
Ke5 {Black resigns} 1-0

[Event "ICC tourney 2840 (30 10)"]
[Site "Internet Chess Club"]
[Date "2022.02.27"]
[Round "5"]
[White "SHAWKAT, SAIF:saif-shawkat"]
[Black "TANG, AUSTIN:Mrpeetapizza"]
[Result "1/2-1/2"]
[ICCResult "Game drawn by repetition"]
[WhiteElo "2002"]
[BlackElo "2034"]
[Opening "Sicilian: Richter-Rauzer"]
[ECO "B60"]
[NIC "SI.27"]
[Time "21:00:41"]
[PlyCount "90"]
[TimeControl "1800+10"]

1. e4 c5 2. Nf3 d6 3. d4 cxd4 4. Nxd4 Nf6 5. Nc3 Nc6 6. Bg5 Qb6 7. Nb3 e6 8.
Qd2 Be7 9. O-O-O O-O 10. f3 Rd8 11. Be3 Qc7 12. Qf2 d5 13. exd5 Nxd5 14.
Nxd5 exd5 15. Kb1 Bf5 16. Bd3 Bxd3 17. Rxd3 Bf6 18. c3 Ne5 19. Rdd1 Nc4 20.
Bd4 Bxd4 21. Rxd4 a5 22. Nd2 Qb6 23. Nxc4 dxc4 24. Rhd1 Rxd4 25. Qxd4 Qg6+
26. Ka1 h6 27. g3 Qc2 28. Qd2 Qxd2 29. Rxd2 Re8 30. Kb1 g5 31. Kc2 Re3 32.
Rf2 Kg7 33. Kd2 Rd3+ 34. Kc2 Kg6 35. b3 b5 36. a4 bxa4 37. bxc4 Rd8 38. Rf1
Rc8 39. Ra1 Rxc4 40. Kd3 Rc8 41. Rxa4 Rd8+ 42. Ke3 Re8+ 43. Kd3 Rd8+ 44. Ke3
Re8+ 45. Kd3 Rd8+ {Game drawn by repetition} 1/2-1/2

[Event "ICC tourney 2840 (30 10)"]
[Site "Internet Chess Club"]
[Date "2022.02.27"]
[Round "5"]
[White "Hutton, Jack:DinDjarin"]
[Black "JIANG, ANDREW:K05-16091063"]
[Result "1-0"]
[ICCResult "Black checkmated"]
[WhiteElo "2108"]
[BlackElo "1996"]
[Opening "Scotch gambit: Dubois-Réti defense"]
[ECO "C55"]
[NIC "KP.02"]
[Time "21:01:34"]
[PlyCount "73"]
[TimeControl "1800+10"]

1. e4 e5 2. Nf3 Nc6 3. d4 exd4 4. Bc4 Nf6 5. e5 d5 6. Bb5 Ne4 7. Nxd4 Bd7 8.
Bxc6 bxc6 9. O-O Bc5 10. f3 Ng5 11. f4 Ne4 12. Be3 O-O 13. Nd2 Nxd2 14. Qxd2
Bb6 15. Nb3 Qe7 16. c3 a5 17. Qf2 Bxe3 18. Qxe3 f6 19. Qc5 Qxc5+ 20. Nxc5
Bf5 21. h3 h5 22. a4 Rab8 23. b3 fxe5 24. fxe5 g6 25. Rf2 Rfe8 26. Re1 Re7
27. Kh2 Kg7 28. Kg3 Be4 29. Nxe4 Rxe5 30. Rfe2 dxe4 31. Rxe4 Rc5 32. Re7+
Kh6 33. Rxc7 Rxc3+ 34. Kh2 Rbxb3 35. Ree7 Rc2 36. h4 g5 37. Re6#
{Black checkmated}
1-0

[Event "ICC tourney 2840 (30 10)"]
[Site "Internet Chess Club"]
[Date "2022.02.27"]
[Round "5"]
[White "Tanenbaum, Zachary:MasterZachary"]
[Black "DENG, HENRY:SuperPuzzler"]
[Result "1-0"]
[ICCResult "Black resigns"]
[WhiteElo "2237"]
[BlackElo "2085"]
[Opening "Giuoco Piano"]
[ECO "C54"]
[NIC "IG.02"]
[Time "21:00:39"]
[PlyCount "79"]
[TimeControl "1800+10"]

1. e4 e5 2. Nf3 Nc6 3. Bc4 Bc5 4. c3 Nf6 5. d3 d6 6. Nbd2 a6 7. a4 O-O 8.
Nf1 Be6 9. Bxe6 fxe6 10. Ng3 Ba7 11. O-O Qe8 12. Be3 Nh5 13. Bxa7 Rxa7 14.
Nxh5 Qxh5 15. d4 Kh8 16. Qe2 Raa8 17. Qe3 Rf6 18. dxe5 Nxe5 19. Nxe5 Qxe5
20. f4 Qh5 21. Rf3 Raf8 22. Raf1 b6 23. b4 Qe8 24. e5 dxe5 25. Qxe5 Qc6 26.
h3 Qd6 27. Qe2 a5 28. Qc4 h6 29. Rd3 Qe7 30. bxa5 bxa5 31. Qb5 Rf5 32. Qc6
Rxf4 33. Re1 Qg5 34. Qxc7 Qf5 35. Rg3 Qf6 36. Rxe6 Qf7 37. Qe5 Rf1+ 38. Kh2
Kh7 39. Re7 Qg6 40. Rxg7+ {Black resigns} 1-0

[Event "ICC tourney 2840 (30 10)"]
[Site "Internet Chess Club"]
[Date "2022.02.27"]
[Round "5"]
[White "SHEEHAN, ETHAN THOMAS:Chessking2008"]
[Black "ALEKSANDROV, ALEKSEJ:Aleksandrov73"]
[Result "0-1"]
[ICCResult "White resigns"]
[WhiteElo "2218"]
[BlackElo "2549"]
[Opening "QGD: Ragozin variation"]
[ECO "D38"]
[NIC "NI.27"]
[Time "21:01:09"]
[PlyCount "82"]
[TimeControl "1800+10"]

1. d4 d5 2. c4 e6 3. Nc3 Bb4 4. Nf3 Nf6 5. cxd5 exd5 6. Bg5 h6 7. Bh4 c5 8.
dxc5 Nbd7 9. e3 Qa5 10. Nd2 Bxc3 11. bxc3 O-O 12. Be2 Ne4 13. Nxe4 dxe4 14.
O-O Nxc5 15. Rb1 b6 16. Qd4 Be6 17. Qb4 Qxa2 18. Rb2 Qd5 19. Rd1 Qf5 20.
Rbd2 Rfc8 21. h3 Qg6 22. Rd6 f6 23. Bg3 Qf7 24. Bb5 a5 25. Qb1 Bb3 26. R1d4
a4 27. Rxb6 a3 28. Bc6 a2 29. Qa1 Ra5 30. Bd6 Be6 31. Bxc5 Rxc5 32. Bxe4 f5
33. Bb7 R8c7 34. Bf3 Rxc3 35. Rd1 Kh7 36. Kh2 Qe7 37. Bd5 Bxd5 38. Rxd5 Rc2
39. Rb2 Qe6 40. Rd2 Qe5+ 41. f4 Qxb2 {White resigns} 0-1

[Event "ICC tourney 2840 (30 10)"]
[Site "Internet Chess Club"]
[Date "2022.02.27"]
[Round "5"]
[White "XIE, BRYAN:largecrab"]
[Black "Wan, Joseph Cheng-Yue:cyborg86"]
[Result "0-1"]
[ICCResult "White resigns"]
[WhiteElo "2105"]
[BlackElo "2290"]
[Opening "French: advance, Paulsen attack"]
[ECO "C02"]
[NIC "FR.03"]
[Time "21:01:09"]
[PlyCount "100"]
[TimeControl "1800+10"]

1. d4 e6 2. e4 d5 3. e5 c5 4. c3 Nc6 5. Nf3 Qb6 6. Be2 f6 7. exf6 Nxf6 8.
O-O cxd4 9. cxd4 Bd6 10. Nc3 O-O 11. a3 Bd7 12. b4 a6 13. Bb2 Be8 14. Re1
Qc7 15. h3 Nh5 16. Ng5 Bh2+ 17. Kh1 Rxf2 18. Bxh5 Qg3 19. Bf3 Qxg5 20. Bc1
Bf4 21. Rxe6 Nxd4 22. Bxf4 Qxf4 23. Nxd5 Qd2 24. Qxd2 Rxd2 25. Nc7 Nxe6 26.
Nxa8 b5 27. Re1 Kf7 28. Nb6 Rd6 29. Nd5 Bc6 30. Re5 Nd4 31. Be4 Bxd5 32.
Rxd5 Rxd5 33. Bxd5+ Kf6 34. Be4 h6 35. Kg1 Ke5 36. Bd3 Nb3 37. Kf2 Kd4 38.
Bf1 Nd2 39. Be2 Nc4 40. Bf3 Nxa3 41. Bb7 Kc4 42. Bxa6 Kxb4 43. Ke3 Kc3 44.
Bxb5 Nxb5 45. Ke4 Nd4 46. g4 g5 47. Ke5 Kd3 48. Kf6 Ke4 49. Kg6 Kf4 50. Kxh6
Nf3 {White resigns} 0-1

[Event "ICC tourney 2840 (30 10)"]
[Site "Internet Chess Club"]
[Date "2022.02.27"]
[Round "5"]
[White "Turcotte, Jonathan:JonnyTurgi"]
[Black "LIU, ERIC CHANG:el008"]
[Result "1-0"]
[ICCResult "Black resigns"]
[WhiteElo "2000"]
[BlackElo "2029"]
[Opening "QGD: Tartakower (Makagonov-Bondarevsky) system"]
[ECO "D58"]
[NIC "QO.10"]
[Time "21:00:45"]
[PlyCount "107"]
[TimeControl "1800+10"]

1. d4 d5 2. c4 e6 3. Nf3 Nf6 4. Nc3 Be7 5. Bg5 O-O 6. e3 h6 7. Bh4 b6 8. Bd3
dxc4 9. Bxc4 Bb7 10. O-O a6 11. a4 Nbd7 12. Qe2 c5 13. Rfd1 Nh7 14. Bg3 Qe8
15. d5 exd5 16. Nxd5 Bxd5 17. Bxd5 Ra7 18. Bc4 Qc8 19. Rd2 Nhf6 20. e4 Nh5
21. e5 Nxg3 22. hxg3 Rd8 23. e6 Nf8 24. exf7+ Kh8 25. Rxd8 Qxd8 26. Bxa6 Bf6
27. Bc4 g5 28. Rd1 Rd7 29. Rxd7 Qxd7 30. b3 Kg7 31. Nh2 Qd6 32. Ng4 Bd4 33.
Qe4 Nd7 34. Kh2 Nf8 35. Qf5 Qe7 36. Qd3 Qd7 37. Ne3 Bxe3 38. Qxe3 Qd6 39. f4
gxf4 40. gxf4 Ng6 41. g3 Qf6 42. Qe4 Qb2+ 43. Kh3 Qa1 44. Bd3 Nf8 45. Qe5+
Qxe5 46. fxe5 Kxf7 47. Kg4 Ke6 48. Kf4 Ke7 49. Bf5 Kf7 50. Ke4 h5 51. Kd5
Kg7 52. Kc6 Kh6 53. e6 Nxe6 54. Bxe6 {Black resigns} 1-0

[Event "ICC tourney 2840 (30 10)"]
[Site "Internet Chess Club"]
[Date "2022.02.27"]
[Round "5"]
[White "YAN, RUIYANG:jy2020"]
[Black "Gaw, Chloe:HarleyQueen8"]
[Result "1-0"]
[ICCResult "Black resigns"]
[WhiteElo "2172"]
[BlackElo "1766"]
[Opening "Sicilian"]
[ECO "B56"]
[NIC "SI.25"]
[Time "21:00:52"]
[PlyCount "103"]
[TimeControl "1800+10"]

1. e4 c5 2. Nf3 d6 3. d4 cxd4 4. Nxd4 Nf6 5. Nc3 Nc6 6. f3 e5 7. Nb3 Be7 8.
Be3 Be6 9. Nd5 O-O 10. c4 a5 11. Qd2 a4 12. Nc1 Qa5 13. Qxa5 Rxa5 14. Kd2 b5
15. Nxe7+ Nxe7 16. cxb5 d5 17. Bc5 Re8 18. Bd3 Ng6 19. Ne2 Rb8 20. b4 axb3
21. axb3 Rxa1 22. Rxa1 dxe4 23. fxe4 Bxb3 24. Bd6 Rd8 25. Bc7 Rd7 26. b6
Nxe4+ 27. Ke3 Nc5 28. Bb5 Rd1 29. Rxd1 Bxd1 30. Nc3 Bg4 31. Ne4 Nb7 32. Ba6
Bc8 33. Nd6 Nxd6 34. Bxc8 Nc4+ 35. Ke4 Nxb6 36. Bxb6 Kf8 37. Bc5+ Ke8 38.
Bf5 Nh4 39. Kxe5 Nxg2 40. Bf2 f6+ 41. Ke4 h5 42. Bh3 g6 43. Bxg2 Ke7 44. Bh3
Kf7 45. Bd4 Kg7 46. Kd5 Kf7 47. Kd6 g5 48. Bf5 h4 49. h3 Kg7 50. Ke7 Kh6 51.
Kxf6 Kh5 52. Be3 {Black resigns} 1-0

[Event "ICC tourney 2840 (30 10)"]
[Site "Internet Chess Club"]
[Date "2022.02.27"]
[Round "5"]
[White "Liang, Jason:Jupiter435"]
[Black "VAKHIDOV, JAKHONGIR:TjkTiger"]
[Result "0-1"]
[ICCResult "White forfeits on time"]
[WhiteElo "2350"]
[BlackElo "2602"]
[Opening "Sicilian: Hungarian variation"]
[ECO "B27"]
[NIC "SI.43"]
[Time "21:01:09"]
[PlyCount "96"]
[TimeControl "1800+10"]

1. e4 c5 2. Nf3 g6 3. c3 d5 4. exd5 Qxd5 5. d4 Bg7 6. Na3 cxd4 7. Nb5 Na6 8.
Nbxd4 Nf6 9. Bb5+ Bd7 10. Bxa6 bxa6 11. O-O O-O 12. Re1 Rfe8 13. Ne5 Red8
14. Qb3 Be8 15. h3 Rac8 16. Bf4 e6 17. Rad1 Qc5 18. Nd3 Qb6 19. Be5 Rd7 20.
Nf4 Rb7 21. Rd2 a5 22. Qd1 Re7 23. Qf3 Qb7 24. Qe2 Nd5 25. Nd3 Bh6 26. Rdd1
Ba4 27. Rb1 Bb5 28. Nxb5 Qxb5 29. Qf3 Rd7 30. Bd4 Re7 31. Ne5 Qb7 32. Rbd1
Bg7 33. Ng4 h5 34. Nh2 e5 35. Bxa7 Nxc3 36. bxc3 Qxa7 37. Qd3 Qc7 38. Rc1
Qc4 39. Qxc4 Rxc4 40. Nf3 f5 41. Nd2 Rc6 42. Rc2 e4 43. c4 a4 44. Rb1 Rd7
45. Nf1 h4 46. c5 Bd4 47. Rb4 Bxc5 48. Rxa4 Rd1 {White forfeits on time} 0-1